 Dungeon Crawl Stone Soup version 0.32-a0-128-g77eb882913 (webtiles) character file.

Game seed: 13762511783160263151

101 horus123 the Magician (level 4, -2/33 HPs)
             Began as a Draconian Earth Elementalist on Feb 7, 2024.
             Slain by a scorpion (4 damage)
             ... on level 3 of the Dungeon.
             The game lasted 00:03:45 (1980 turns).

horus123 the Magician (DrEE)                        Turns: 1980, Time: 00:03:45

Health: -2/33      AC:  6    Str: 16    XL:     4   Next: 48%
Magic:  1/10       EV: 12    Int: 18    God:
Gold:   96         SH:  0    Dex: 11    Spells: 10/11 levels left

rFire   . . .        d - +1 demon blade (venom)
rCold   . . .        (no shield)
rNeg    . . .        (body armour unavailable)
rPois   .            (helmet restricted)
rElec   .            f - +0 cloak
rCorr   .            (no gloves)
SInv    .            (no boots)
Will    .....        (no amulet)
Stlth   ++           k - +6 ring of strength
HPRegen 0.25/turn    (no ring)
MPRegen 0.12/turn

%: no passive effects
@: lethally poisoned (-2 -> -10)
A: AC +5, unfitting armour, cold-blooded
a: no special abilities


You were on level 3 of the Dungeon.
You visited 1 branch of the dungeon, and saw 3 of its levels.

You collected 96 gold pieces.

Inventory:

Hand Weapons
 b - a +4 whip
 d - a +1 demon blade of venom (weapon)
Armour
 f - a +0 cloak (worn)
Magical Staves
 e - a staff of alchemy
Jewellery
 k - a +6 ring of strength (left hand)
Scrolls
 c - a scroll of noise
 h - 2 scrolls of blinking
 i - 2 scrolls of teleportation
 j - 2 scrolls of fear
 l - a scroll of revelation {unknown}
 m - a scroll of enchant armour {unknown}
Potions
 a - a potion of magic
 g - a potion of haste {unknown}
 o - 2 potions of heal wounds {unknown}
 p - a potion of degeneration {unknown}
 q - a potion of resistance {unknown}


   Skills:
 - Level 1.7 Dodging
 - Level 1.7 Stealth
 + Level 4.4 Spellcasting
 - Level 1.0 Conjurations
 - Level 3.0 Earth Magic


You had 10 spell levels left.
You knew the following spells:

 Your Spells              Type           Power      Damage    Failure   Level
a - Sandblast             Erth           28%        2d8       4%          1

Your spell library contained the following spells:

 Spells                   Type           Power      Damage    Failure   Level
 Passwall                 Erth           14%        N/A       12%         3
 Stone Arrow              Conj/Erth      22%        3d8       19%         3
 Brom's Barrelling Bould  Conj/Erth      11%        2d3       52%         4
 Petrify                  Alch/Erth      9%         N/A       58%         4


Dungeon Overview and Level Annotations

Branches:
Dungeon (3/15)

Altars:
Dithmenos


Innate Abilities, Weirdness & Mutations

Your plain brown scales are hard. (AC +5)
You cannot fit into any form of body armour.
You are cold-blooded and may be slowed by cold attacks.


Message History

It was a potion of curing.
You feel better. The scorpion closely misses you.
Aiming: Sandblast (safe; 4% risk of failure)
Press: ? - help, Q - select action Shift-Dir - straight line, f/p - scorpion
Aim: a scorpion (almost dead, 82% to hit)
The blast of sand hits the scorpion but does no damage.
The scorpion is almost dead.
The scorpion stings you.
* * * LOW HITPOINT WARNING * * *
The scorpion closely misses you.
Aiming: Sandblast (safe; 4% risk of failure)
Press: ? - help, Q - select action Shift-Dir - straight line, f/p - scorpion
Aim: a scorpion (severely wounded, 82% to hit)
The blast of sand hits the scorpion but does no damage.
The scorpion is severely wounded.
The scorpion stings you.
* * * LOW HITPOINT WARNING * * *
The scorpion stings you.
* * * LOW HITPOINT WARNING * * *
You feel better. The scorpion closely misses you.
Aiming: Sandblast (safe; 4% risk of failure)
Press: ? - help, Q - select action Shift-Dir - straight line, f/p - scorpion
Aim: a scorpion (severely wounded, 82% to hit)
The blast of sand hits the scorpion but does no damage.
The scorpion is severely wounded.
The scorpion stings you.
* * * LOW HITPOINT WARNING * * *
The scorpion stings you.
* * * LOW HITPOINT WARNING * * *
You are lethally poisoned!
The scorpion poisons you!
Aiming: Sandblast (safe; 4% risk of failure)
Press: ? - help, Q - select action Shift-Dir - straight line, f/p - scorpion
Aim: a scorpion (severely wounded, 82% to hit)
The blast of sand hits the scorpion but does no damage.
The scorpion is severely wounded.
The hobgoblin shouts!
* * * LOW HITPOINT WARNING * * *
You feel very sick. The scorpion stings you.
You die...

..............#
##....<...#### .
#.........# g.
##..#.......# ... #..
############ .... #.#
###.. .....
##.##########...#
......##..#..........###
......s@....##########
.....###........... ...
############ .


You could see a scorpion and a hobgoblin.

Vanquished Creatures
  An orc wizard (D:3)
  3 adders
  2 dart slugs (D:2)
  3 ribbon worms (D:2)
  4 orcs (D:3)
  An endoplasm (D:2)
  8 goblins
  3 quokkas
  4 ball pythons
  3 bats
  A frilled lizard (D:2)
  3 kobolds (D:2)
  3 rats
39 creatures vanquished.

Notes
Turn   | Place    | Note
-------+----------+-------------------------------------------
     0 | D:1      | horus123 the Draconian Earth Elementalist began the quest
                  | for the Orb.
     0 | D:1      | Reached XP level 1. HP: 14/14 MP: 3/3
   539 | D:1      | Reached XP level 2. HP: 20/20 MP: 3/5
   871 | D:2      | Reached skill level 3 in Spellcasting
  1029 | D:2      | Reached XP level 3. HP: 25/26 MP: 2/7
  1114 | D:2      | Identified a scroll of acquirement
  1117 | D:2      | Acquired a +1 demon blade of venom
  1354 | D:2      | Found a shadowy altar of Dithmenos.
  1655 | D:3      | Reached skill level 4 in Spellcasting
  1655 | D:3      | Reached XP level 4. HP: 4/33 MP: 3/10
  1709 | D:3      | Noticed a scorpion
  1974 | D:3      | HP: 1/33 [poisoned by a scorpion]
  1980 | D:3      | Slain by a scorpion

Illustrated notes

Levels and vault maps discovered:
D:1:      eino_arrival_cavern_b, layout_loops_ring
D:2:      layout_loops_ring, basic_altar, nicolae_figureground_sparkle
D:3:      layout_rooms, amcnicky_altar_gilded, hangedman_abyss_or_decor_stabs

Skill      XL: |  1  2  3 |
---------------+----------+-----
Spellcasting   | 3 4 |  4.4
Dodging        | |  1.7
Stealth        | |  1.7
Conjurations   | |  1.0
Earth Magic    | |  3.0

Action                     |  1- 3 |  4- 6 || total
---------------------------+-------+-------++-------
  Melee: Whip              |    16 |       ||    16
         Demon blade       |    15 |     5 ||    20
         Tailslap          |     5 |     1 ||     6
         Punch             |     3 |     1 ||     4
   Cast: Sandblast         |    39 |    20 ||    59
    Use: Scroll            |     6 |       ||     6
         Potion            |       |     2 ||     2
 Armour: Skin              |    39 |    23 ||    62
  Dodge: Dodged            |    37 |    13 ||    50

Table legend: (Time is in decaauts)
 A = Elapsed time spent in this place.
 B = Non-inter-level travel time spent in this place.
 C = Inter-level travel time spent in this place.
 D = Time resting spent in this place.
 E = Time spent auto-exploring this place.
 F = Levels seen in this place.
 G = Mean time per level.
                   A        B        C        D        E       F      G
               +--------+--------+--------+--------+--------+-----+--------+
         Total |   2015 |   1995 |     20 |     89 |   1560 |   3 |  671.7 |
       Dungeon |   2015 |   1995 |     20 |     89 |   1560 |   3 |  671.7 |
               +--------+--------+--------+--------+--------+-----+--------+

Top non-repeatable levels by time:
     D:2: 819 daAuts
     D:1: 764 daAuts
     D:3: 431 daAuts
